Map: Interloper LE

Players

DnS - Winner!

  • Race: Protoss Protoss
  • Spawn Location: 5:00

ZenedoR

  • Race: Zerg Zerg
  • Spawn Location: 11:00

Event: WCS Montreal 2017

VOD

Have the link to the VOD?

Description

Time

  • Played on: Sept. 8, 2017, 1:19 p.m.
  • Length: 6:53

All games in this series

Show
View Real Time Build Order
Export as new Build Order

DnS Protoss - Winner!

Build Orders: 1 Gate Expand, Oracle Opening, Phoenix Opening 

Get SALT Encoding   

  12  0:00  Probe (Chrono Boost)  
  13  0:11  Probe (Chrono Boost)  
  14  0:17  Pylon  
  14  0:22  Probe (Chrono Boost)  
  16  0:35  Probe (Chrono Boost)  
  16  0:39  Gateway  
  16  0:46  Probe (Chrono Boost)  
  16  0:47  Assimilator  
  17  0:57  Probe (Chrono Boost)  
  18  1:07  Probe (Chrono Boost)  
  19  1:20  Nexus  
  19  1:23  Probe (Chrono Boost)  
  20  1:34  Cybernetics Core  
  20  1:36  Probe (Chrono Boost)  
  21  1:43  Assimilator  
  22  1:47  Probe (Chrono Boost)  
  22  1:51  Pylon  
  22  1:57  Probe (Chrono Boost)  
  23  2:09  Probe (Chrono Boost)  
  23  2:10  Adept (Chrono Boost)  
  23  2:11  Warp Gate  
  26  2:20  Probe  
  27  2:31  Probe  
  27  2:33  Probe, Stargate  
  29  2:38  Adept (Chrono Boost)  
  29  2:41  Probe  
  32  2:45  Probe  
  33  2:53  Probe (Chrono Boost)  
  33  2:57  Probe (Chrono Boost)  
  35  3:02  Adept  
  35  3:04  Probe (Chrono Boost)  
  38  3:07  Probe (Chrono Boost)  
  39  3:13  Probe (Chrono Boost)  
  39  3:15  Oracle (Chrono Boost)  
  39  3:16  Pylon  
  39  3:18  Probe  
  44  3:26  Probe  
  44  3:32  Gateway  
  44  3:33  Probe  
  44  3:34  Gateway  
  46  3:36  Probe  
  45  3:44  Assimilator  
  45  3:45  Probe  
  45  3:46  Assimilator, Phoenix (Chrono Boost)  
  45  3:47  Probe (Chrono Boost)  
  48  3:53  Pylon  
  49  3:57  Mothership Core (Chrono Boost)  
  49  4:01  Pylon  
  49  4:02  Pylon  
  51  4:14  Probe (Chrono Boost), Robotics Facility  
  51  4:16  Probe (Chrono Boost)  
  53  4:19  Adept  
  53  4:26  Probe (Chrono Boost)  
  53  4:28  Oracle  
  54  4:32  Pylon  
  54  4:35  Adept x2  
  54  4:46  Adept  
  54  4:49  Cybernetics Core  
  54  5:01  Gateway  
  54  5:02  Zealot x2  
  56  5:11  Cybernetics Core  
  56  5:15  Gateway  
  56  5:19  Probe (Chrono Boost)  
  56  5:21  Probe (Chrono Boost)  
  58  5:30  Probe (Chrono Boost), Cybernetics Core  
  58  5:33  Probe (Chrono Boost)  
  58  5:42  Probe (Chrono Boost), Zealot x2  
  61  5:46  Probe (Chrono Boost)  
  62  5:53  Probe (Chrono Boost)  
  62  5:55  Gateway  
  62  5:57  Oracle, Pylon  
  64  5:58  Probe (Chrono Boost)  
  65  6:04  Adept x2  
  65  6:06  Pylon  
  67  6:13  Adept  
  67  6:16  Probe (Chrono Boost)  
  67  6:17  Twilight Council, Forge  
  71  6:27  Gateway  
  72  6:40  Gateway  
  72  6:42  Gateway  
  72  6:43  Sentry x2  
  72  6:44  Gateway  
Show
View Real Time Build Order
Export as new Build Order

ZenedoR Zerg 

Build Orders: Hatch First, Zergling Baneling 

Get SALT Encoding   

  12  0:00  Drone  
  13  0:12  Overlord  
  13  0:17  Drone  
  14  0:31  Drone x2  
  14  0:34  Drone  
  17  0:53  Hatchery  
  17  0:55  Drone  
  17  0:58  Drone  
  18  1:09  Extractor  
  17  1:13  Spawning Pool  
  17  1:18  Drone  
  17  1:21  Drone  
  18  1:28  Drone  
  19  1:38  Overlord  
  19  1:50  Drone  
  20  2:00  Queen  
  22  2:02  Zergling x2  
  22  2:06  Queen  
  22  2:07  Drone  
  26  2:11  Metabolic Boost  
  26  2:13  Drone  
  27  2:18  Drone  
  28  2:34  Hatchery  
  27  2:40  Drone x2  
  27  2:42  Drone x2  
  31  2:47  Overlord  
  31  2:52  Zergling x2  
  31  2:56  Zergling x2  
  33  3:04  Zergling x2  
  34  3:10  Baneling Nest, Zergling x8  
  37  3:23  Zergling x2  
  37  3:24  Zergling x6, Evolution Chamber  
  38  3:40  Zergling x12  
  42  3:49  Zergling x8  
  46  3:58  Baneling x8  
  46  4:04  Zergling x4  
  47  4:12  Zergling x6  
  45  4:30  Zergling x2  
  45  4:31  Zergling x14  
  50  4:37  Overlord  
  45  4:48  Overlord  
  40  5:01  Zergling x14  
  40  5:06  Zergling x6  
  44  5:18  Zergling x10  
  46  5:22  Zergling x2  
  46  5:23  Zergling x2  
  47  5:30  Zergling x6  
  41  5:54  Zergling x18  
  48  5:59  Zergling x4  
  46  6:07  Drone x2  
  46  6:09  Drone  
  42  6:28  Baneling x8  
  42  6:29  Baneling x6  
Tags
 
Add a new tag
Caveats
  • Supply blocks, unpowered buildings, or Contaminate may cause inaccurate times.
  • Supply counts are checked every 10 seconds.